 Dungeon Sprint DCSS version 0.19.0-20-gbc5f0c6 (webtiles) character file.

212 Dipster the Fighter (level 5, -6/75 HPs)
             Began as an Ogre Hunter on Nov 16, 2016.
             Was an Initiate of Okawaru.
             Mangled by a troll (13 damage)
             ... in the Dungeon (Sprint IX: "|||||||||||||||||||||||||||||").
             The game lasted 00:01:34 (771 turns).

Dipster the Fighter (Ogre Hunter)                    Turns: 771, Time: 00:01:35

Health: -6/75      AC:  5    Str: 18    XL:     5   Next: 90%
Magic:  5/5        EV: 14    Int: 10    God:    Okawaru [......]
Gold:   0          SH:  0    Dex: 10    Spells: 0 memorised, 4 levels left

rFire  . . .     SeeInvis .     a - +0 giant spiked club
rCold  . . .     Gourm    .     b - +0 robe
rNeg   . . .     Faith    .     (shield currently unavailable)
rPois  .         Spirit   .     (helmet restricted)
rElec  .         Reflect  .     (no cloak)
rCorr  .         Harm     .     (gloves unavailable)
MR     .....     NoTele   +     (boots unavailable)
Stlth  +.........               (no amulet)
                                o - +2 ring of evasion
                                n - +2 ring of protection

@: very slightly contaminated, invisible
A: unfitting armour, tough skin 1
a: Renounce Religion


You were in the Dungeon.
You worshipped Okawaru.
Okawaru was noncommittal.
You were not hungry.

You visited 1 branch

Inventory:

Hand Weapons
 a - a +0 giant spiked club (weapon)
Missiles
 c - 5 large rocks (quivered)
 d - 2 throwing nets
Armour
 b - a +0 robe (worn)
Jewellery
 n - a +2 ring of protection (left hand)
 o - a +2 ring of evasion (right hand)
Wands
 m - a wand of acid (7/15)
Scrolls
 j - 3 scrolls of remove curse
 k - 2 scrolls of blinking
 l - 2 scrolls of amnesia
Potions
 e - 5 potions of curing
 h - 2 potions of heal wounds
 i - 4 potions of magic
Comestibles
 f - a bread ration


   Skills:
 - Level 12.5 Fighting
 + Level 1.8 Maces & Flails
 - Level 4.0 Throwing
 - Level 5.8 Dodging
 - Level 0.6 Stealth


You had 4 spell levels left.
You didn't know any spells.

Dungeon Overview and Level Annotations

Branches:
Dungeon (1/1)

Altars:
Cheibriados
Dithmenos
Elyvilon
Fedhas
Gozag
Hepliaklqana
Kikubaaqudgha
Makhleb
Nemelex Xobeh
Okawaru
Qazlal
Ru
Sif Muna
Trog
Uskayaw
Vehumet
Xom
Yredelemnul
Zin
The Shining One
Beogh
Jiyva
Lugonu


Innate Abilities, Weirdness & Mutations

You are too large for most types of armour.
You have tough skin. (AC +1)


Message History

You kill the shadow imp!
Okawaru accepts your kill.
Your Maces & Flails skill increases to level 1!
You hit the troll.
The troll is lightly wounded.
The troll bites you. The troll closely misses you. The troll claws you!
The troll bites you! The troll claws you! The troll misses you.
You fade into invisibility!
The troll bites you! The troll claws you but does no damage.
The troll barely misses you.
You are very lightly contaminated with residual magic.
You catch the helpless troll completely off-guard!
You puncture the troll!
The troll is moderately wounded.
The troll bites you!
* * * LOW HITPOINT WARNING * * *
The troll claws you!
* * * LOW HITPOINT WARNING * * *
The troll closely misses you. The troll bites you!
You die... ▓▓▓▓▓▓▓▓▓▓▓▓▓▓▓▓▓▓▓▓▓▓▓▓▓ ...SJhZT@[[[)|..'._______ ▓▓▓▓▓▓▓▓▓▓▓▓▓▓▓▓▓▓▓▓▓▓▓▓▓

You could see a troll, a hound, a jelly, an adder and a giant cockroach zombie.

Vanquished Creatures
  A centaur (D)
  An ogre (D)
  A worker ant (D)
  An adder (D)
  A shadow imp (D)
  A bat zombie (D)
  A goblin (D)
  A hobgoblin (D)
  A jackal (D)
  A bat (D)
  A frilled lizard (D)
11 creatures vanquished.

Notes
Turn   | Place    | Note
-------+----------+-------------------------------------------
     0 | D        | Dipster the Ogre Hunter began the quest for the Orb.
     0 | D        | Reached XP level 1. HP: 22/22 MP: 1/1
    31 | D        | Reached skill level 3 in Fighting
    47 | D        | Reached skill level 4 in Fighting
   362 | D        | Noticed an ogre
   362 | D        | Noticed a worker ant
   362 | D        | Noticed a centaur
   369 | D        | Killed a centaur
   369 | D        | Reached skill level 9 in Fighting
   369 | D        | Reached XP level 2. HP: 39/45 MP: 2/2
   369 | D        | Reached XP level 3. HP: 46/53 MP: 3/3
   369 | D        | Reached XP level 4. HP: 53/61 MP: 4/4
   375 | D        | Reached skill level 10 in Fighting
   377 | D        | Reached skill level 5 in Dodging
   377 | D        | Reached XP level 5. HP: 56/70 MP: 5/5
   387 | D        | Killed an ogre
   387 | D        | Reached skill level 12 in Fighting
   719 | D        | Found a roughly hewn altar of Beogh.
   719 | D        | Found a snail-covered altar of Cheibriados.
   719 | D        | Found a shadowy altar of Dithmenos.
   719 | D        | Found a white marble altar of Elyvilon.
   719 | D        | Found a blossoming altar of Fedhas.
   719 | D        | Found an opulent altar of Gozag.
   720 | D        | Found a hazy altar of Hepliaklqana.
   721 | D        | Found a viscous altar of Jiyva.
   722 | D        | Found an ancient bone altar of Kikubaaqudgha.
   723 | D        | Found a corrupted altar of Lugonu.
   724 | D        | Found a burning altar of Makhleb.
   725 | D        | Found a sparkling altar of Nemelex Xobeh.
   726 | D        | Found an iron altar of Okawaru.
   727 | D        | Found a stormy altar of Qazlal.
   728 | D        | Found a sacrificial altar of Ru.
   729 | D        | Found a deep blue altar of Sif Muna.
   730 | D        | Found a bloodstained altar of Trog.
   731 | D        | Found a hide-covered altar of Uskayaw.
   732 | D        | Found a radiant altar of Vehumet.
   733 | D        | Found a shimmering altar of Xom.
   734 | D        | Became a worshipper of Warmaster Okawaru
   735 | D        | Found a basalt altar of Yredelemnul.
   736 | D        | Found a glowing silver altar of Zin.
   737 | D        | Found a glowing golden altar of the Shining One.
   766 | D        | Noticed a troll
   767 | D        | Reached skill level 1 in Maces & Flails
   771 | D        | Mangled by a troll

Skill      XL: |  1  2  3  4  5 |
---------------+----------------+-----
Fighting       | 9 10 12 | 12.5
Dodging        | 4 5 |  5.8
Maces & Flails | 1 |  1.8
Throwing       | |  4.0
Stealth        | |  0.6

Action                   |  1- 3 |  4- 6 || total
-------------------------+-------+-------++-------
Melee: Unarmed           |    51 |    18 ||    69
       Giant spiked club |       |     3 ||     3
  Use: Potion            |     3 |     1 ||     4
 Stab: Invisible         |       |     1 ||     1
Armor: Robe              |    18 |     1 ||    19
Dodge: Dodged            |    21 |    12 ||    33
